 Dungeon Crawl Stone Soup version 0.30-a0-883-g5ad918d77d (webtiles) character file.

Game seed: 16725145982850811603

83 Sanktem7 the Shield-Bearer (level 4, 0/40 HPs)
             Began as a Minotaur Fighter on Mar 17, 2023.
             Succumbed to Sigmund's poison
             ... on level 3 of the Dungeon.
             The game lasted 00:03:50 (1370 turns).

Sanktem7 the Shield-Bearer (Minotaur Fighter)       Turns: 1370, Time: 00:03:50

Health: 0/40       AC:  7    Str: 22    XL:     4   Next: 22%
Magic:  3/3        EV:  9    Int:  5    God:
Gold:   125        SH:  0    Dex: 16    Spells: 3/3 levels left

rFire   x . .      SeeInvis .    a - +0 war axe {axe}
rCold   + . .      Faith    .    c - +0 buckler
rNeg    . . .      Spirit   .    b - +0 scale mail
rPois   .          Reflect  .    (helmet restricted)
rElec   .          Rampage  .    (no cloak)
rCorr   .                        (no gloves)
Will    .....                    (no boots) Stlth
                                 (no amulet)
HPRegen 0.26/turn                e - ring of ice
MPRegen 0.08/turn                n - +6 ring of dexterity

@: confused, lethally poisoned (0 -> -21)
A: horns 2, retaliatory headbutt
a: no special abilities


You were on level 3 of the Dungeon.
You visited 1 branch of the dungeon, and saw 3 of its levels.

You collected 125 gold pieces.


Innate Abilities, Weirdness & Mutations

You have a pair of horns on your head.
You reflexively headbutt those who attack you in melee.


   Skills:
 + Level 4.2 Fighting
 * Level 4.0 Axes
 + Level 4.2 Armour
 + Level 4.2 Shields


You had 3 spell levels left.
You didn't know any spells.
Your spell library was empty.

Inventory:

Hand Weapons
 a - a +0 war axe (weapon) {axe}
 l - a +1 whip of freezing {mace}
   (You took it off a kobold on level 1 of the Dungeon)
Missiles
 f - 11 stones (quivered) {throwing}
 m - 4 poisoned darts {throwing}
Armour
 b - a +0 scale mail (worn)
 c - a +0 buckler (worn)
Magical Staves
 s - a staff of poison {!astaff}
   (You found it on level 2 of the Dungeon)
Jewellery
 e - a ring of ice (left hand)
   (You found it on level 1 of the Dungeon)
 n - a +6 ring of dexterity (right hand)
   (You found it on level 1 of the Dungeon)
Scrolls
 h - a scroll of silence {unknown}
 i - a scroll of fear {unknown}
 j - 4 scrolls of identify {unknown}
 o - a scroll of amnesia {unknown}
 p - a scroll of fog {unknown}
 q - a scroll of poison {unknown}
 r - a scroll of blinking {unknown}
 t - a scroll of enchant armour {unknown}
Potions
 d - a potion of might
 g - a potion of lignification {unknown}
 k - a potion of magic

Dungeon Overview and Level Annotations

Branches:
Dungeon (3/15) Zot: 16599

Altars:

Annotations:
D:3 Sigmund

#........
#........
#........
#........
#........
#........
#.@......
#@# #.#
#.###
#..<#
#####


You could see Sigmund.


Message History

You slash the adder!
You kill the adder! 😎 HP[+1]
Your hp is fully restored (40).
No target in view!
No target in view!
No target in view!
No target in view!
No target in view!
No target in view!
No target in view!
No target in view!
No target in view!
No target in view!
No target in view!
No target in view!
No target in view!
No target in view!
A ball python comes into view.
The ball python hisses angrily.
A ball python is nearby!
You hit the ball python but do no damage.
The ball python bites you but does no damage.
The ball python closely misses you.
You hit the ball python. The ball python barely misses you.
You block the ball python's attack. The ball python barely misses you.
The ball python grabs you. The ball python constricts you.
You barely miss the ball python.
The ball python bites you but does no damage.
The ball python constricts you. You block the ball python's attack.
The ball python constricts you.
You slash the ball python!
You kill the ball python!
Your Axes skill increases to level 4!
No target in view!
No target in view!
No target in view!
No target in view!
No target in view!
No target in view!
No target in view!
No target in view!
No target in view!
No target in view!
No target in view!
No target in view!
You see here a ball python corpse.
Key pressed, stopping explore.
You now have 101 gold pieces (gained 12).
You now have 113 gold pieces (gained 12).
Found a stone staircase leading down.
There is a stone staircase leading down here.
You see here a +0 leather armour.
Done exploring.
Done exploring.
There is a stone staircase leading down here.
You climb downwards.
There is a stone staircase leading up here.
Sigmund the Dreaded comes into view.
He is wielding a +2 scythe of venom.
Sigmund shouts!
Sigmund moves out of view.
You now have 125 gold pieces (gained 12).
You block Sigmund's attack.
Unknown command.
You barely miss Sigmund.
Sigmund hits you with a +2 scythe of venom! 😮 HP[-10]
You take 10 damage, and now have 30/40 hp.
MASSIVE DAMAGE!! (PAUSE)
You slash Sigmund! Sigmund barely misses you. You furiously retaliate!
You headbutt Sigmund. 😕 HP[+1]
You hit Sigmund. Sigmund gestures at you while chanting.
You are confused.
You're too confused to move!
Sigmund hits you with a +2 scythe of venom! 😮 HP[-9]
You take 9 damage, and now have 22/40 hp.
MASSIVE DAMAGE!! (PAUSE)
You bump into the rock wall.
Sigmund completely misses you.
You hit Sigmund. 😮 HP[+1]
You bump into the rock wall.
Sigmund hits you with a +2 scythe of venom!
* * * LOW HITPOINT WARNING * * *
😨 HP[-7]
You take 7 damage, and now have 16/40 hp.
You're too confused to move!
Sigmund hits you with a +2 scythe of venom!
* * * LOW HITPOINT WARNING * * *
You are lethally poisoned! 😱 HP[-12]
You take 12 damage, and now have 4/40 hp.
MASSIVE DAMAGE!! (PAUSE) Sorry, you're not good enough to have a special ability.
Sorry, you're not good enough to have a special ability.
It was a potion of magic.
Magic courses through your body.
You die...

Skill      XL: |  1  2  3  4 |
---------------+-------------+-----
Axes           | 3 4 |  4.0
Fighting       | 4 |  4.2
Armour         | 4 |  4.2
Shields        | 4 |  4.2

Action                     |  1- 3 |  4- 6 || total
---------------------------+-------+-------++-------
  Melee: War axe           |    71 |    11 ||    82
         Headbutt          |     9 |       ||     9
    Use: Potion            |       |     1 ||     1
 Armour: Scale mail        |    38 |     4 ||    42
  Dodge: Dodged            |    38 |     6 ||    44
  Block: Buckler           |    17 |     3 ||    20

Levels and vault maps discovered:
D:1:      amcnicky_arrival_underground_garden, layout_loops_cross, minivault_14,
          minmay_pentomino_u2
D:2:      layout_loops_cross
D:3:      cheibrodos_helix_gallery, layout_basic,
          shapermc_ecumenical_altar_flowoftime, minmay_misc_feat_chi,
          corexii_corridor_pit, grunt_decor_mini_mirrors, uniq_sigmund

Notes
Turn   | Place    | Note
-------+----------+-------------------------------------------
     0 | D:1      | Sanktem7 the Minotaur Fighter began the quest for the Orb.
     0 | D:1      | Reached XP level 1. HP: 19/19 MP: 0/0
     0 | D:1      | magus.rc [v1.9.6]
   366 | D:1      | Reached XP level 2. HP: 26/27 MP: 1/1
   433 | D:1      | Reached skill level 3 in Axes
   734 | D:2      | Reached skill level 4 in Fighting
   734 | D:2      | Reached skill level 4 in Armour
   734 | D:2      | Reached skill level 4 in Shields
   734 | D:2      | Reached XP level 3. HP: 29/33 MP: 2/2
  1192 | D:2      | Reached XP level 4. HP: 39/40 MP: 3/3
  1221 | D:2      | Reached skill level 4 in Axes
  1358 | D:3      | Noticed Sigmund
  1369 | D:3      | HP: 4/40 [Sigmund/+2 scythe of venom (12)]
  1370 | D:3      | Succumbed to Sigmund's poison

Vanquished Creatures
  5 adders (D:2)
  A dart slug (D:1)
  6 ball pythons
  2 endoplasms (D:1)
  3 goblins
  5 hobgoblins
  A quokka (D:1)
  5 bats
  A frilled lizard (D:2)
  5 kobolds
  A rat (D:1)
35 creatures vanquished.

Table legend:
 A = Non-vault XP
 B = Vault XP
 C = Vault XP percentage of total XP
 D = Non-vault monster count
 E = Vault monster count
 F = Vault count percentage of total count
                 A         B        C        D         E       F
            +---------+---------+-------+---------+---------+-------
      Total |     116 |       3 |   2.5 |      33 |       2 |   5.7
            +---------+---------+-------+---------+---------+-------
        D:1 |      26 |       3 |  10.3 |      15 |       2 |  11.8
        D:2 |      90 |       0 |   0.0 |      18 |       0 |   0.0
            +---------+---------+-------+---------+---------+-------

Illustrated notes

Table legend:
 A = Kills in this place as a percentage of kills in the entire game.
 B = Kills by you in this place as a percentage of kills by you in the entire game.
 C = Kills by friends in this place as a percentage of kills by friends in the entire game.
 D = Other kills in this place as a percentage of other kills in the entire game.
 E = Experience gained in this place as a percentage of experience gained in the entire game.
 F = Experience gained in this place divided by the number of levels of this place that you have seen.
                   A       B       C       D       E      F
               +-------+-------+-------+-------+-------+----------------------
         Total | 100.0 | 100.0 |   N/A |   N/A | 100.0 |  39.7
       Dungeon | 100.0 | 100.0 |   N/A |   N/A | 100.0 |  39.7
               +-------+-------+-------+-------+-------+----------------------

Table legend: (Time is in decaauts)
 A = Elapsed time spent in this place.
 B = Non-inter-level travel time spent in this place.
 C = Inter-level travel time spent in this place.
 D = Time resting spent in this place.
 E = Time spent auto-exploring this place.
 F = Levels seen in this place.
 G = Mean time per level.
                   A        B        C        D        E       F      G
               +--------+--------+--------+--------+--------+-----+--------+
         Total |   1400 |   1348 |     52 |      0 |   1121 |   3 |  466.7 |
       Dungeon |   1400 |   1348 |     52 |      0 |   1121 |   3 |  466.7 |
               +--------+--------+--------+--------+--------+-----+--------+

Top non-repeatable levels by time:
     D:1: 695 daAuts
     D:2: 689 daAuts
     D:3: 16 daAuts
